PAAA
ALASKAN HUMPBACKS @ THOMASVILLE LOOKOUTS
08/15/2018
 
TOP OF THE 1ST
Alaskan Humpbacks batting - Pitching for Thomasville Lookouts : RHP George Frazier
Pitching: RHP George Frazier
Batting: RHB Steve Camp 0-0: Called Strike
0-1: Foul Ball, location: 2F
0-2: Ball
1-2: SINGLE (Groundball, 5D)
Batting: RHB Aurelio Annunziato 0-0: Ball
1-0: Swinging Strike
1-1: Ball
2-1: Called Strike
2-2: Foul Ball, location: 2F
2-2: Foul Ball, location: 2F
2-2: Strikes out swinging
Batting: RHB Javier Díaz 0-0: Called Strike
0-1: Ball
1-1: Foul Ball, location: 2F
1-2: Ball
Wild Pitch!
Steve Camp to second
2-2: Strikes out swinging
Batting: RHB Michael Collins 0-0: Ball
1-0: Ball
2-0: Ball
3-0: Called Strike
3-1: Swinging Strike
3-2: Base on Balls
Batting: RHB Fernando Camacho 0-0: Foul Ball, location: 2F
0-1: Ball
1-1: Fly out, F9 (Flyball, 9LM)
Top of the 1st over - 0 run(s), 1 hit(s), 0 error(s), 2 left on base; Alaskan 0 - Thomasville 0
BOTTOM OF THE 1ST
Thomasville Lookouts batting - Pitching for Alaskan Humpbacks : RHP Matt Harris
Pitching: RHP Matt Harris
Batting: LHB Chris West 0-0: SINGLE (Line Drive, 9S)
Batting: RHB Keith Best 0-0: Swinging Strike
0-1: Ball
1-1: Ball
2-1: Ball
3-1: Fly out, F5 (Line Drive, 56)
Batting: RHB Chi-ju Zhang 0-0: Ball
1-0: Ball
2-0: Grounds into double play, 4-6-3 (Groundball, 34)
Bottom of the 1st over - 0 run(s), 1 hit(s), 0 error(s), 0 left on base; Alaskan 0 - Thomasville 0
TOP OF THE 2ND
Alaskan Humpbacks batting - Pitching for Thomasville Lookouts : RHP George Frazier
Batting: LHB Raúl Valentín 0-0: Ball
1-0: SINGLE (Line Drive, 6M)
Batting: RHB Troy Gine 0-0: Ball
1-0: Called Strike
1-1: Ball
2-1: Ball
3-1: Called Strike
3-2: Fly out, F7 (Flyball, 78S)
Batting: LHB James Sorensen 0-0: Foul Ball, location: 2F
0-1: SINGLE (Groundball, 56D)
Raúl Valentín to second
Batting: RHB Tim Norris 0-0: Foul Ball, location: 2F
0-1: Swinging Strike
0-2: Strikes out swinging
Batting: RHB Steve Camp 0-0: Ball
1-0: Called Strike
1-1: Foul Ball, location: 2F
1-2: Ball
2-2: Ball
3-2: Base on Balls
Raúl Valentín to third
James Sorensen to second
Batting: RHB Aurelio Annunziato 0-0: Foul Ball, location: 2F
0-1: Ball
Wild Pitch!
Raúl Valentín scores
James Sorensen to third
Steve Camp to second
1-1: Foul Ball, location: 2F
1-2: Strikes out swinging
Top of the 2nd over - 1 run(s), 2 hit(s), 0 error(s), 2 left on base; Alaskan 1 - Thomasville 0
BOTTOM OF THE 2ND
Thomasville Lookouts batting - Pitching for Alaskan Humpbacks : RHP Matt Harris
Batting: SHB Jared Jefferson 0-0: SINGLE (Line Drive, 56D)
Batting: SHB Dave Orchard 0-0: Foul Ball, location: 2F
0-1: Called Strike
0-2: Ball
1-2: Ball
2-2: Strikes out swinging
Batting: SHB Gustavo Fuentes 0-0: Called Strike
0-1: Ball
1-1: Ball
Jared Jefferson is caught stealing 2nd base
2-1: Ball
3-1: Foul Ball, location: 2F
3-2: Strikes out swinging
Bottom of the 2nd over - 0 run(s), 1 hit(s), 0 error(s), 0 left on base; Alaskan 1 - Thomasville 0
TOP OF THE 3RD
Alaskan Humpbacks batting - Pitching for Thomasville Lookouts : RHP George Frazier
Batting: RHB Javier Díaz 0-0: Foul Ball, location: 2F
0-1: Called Strike
0-2: Strikes out looking
Batting: RHB Michael Collins 0-0: Ball
1-0: SINGLE (Groundball, 56)
Batting: RHB Fernando Camacho 0-0: Called Strike
0-1: Called Strike
0-2: Ball
1-2: Foul Ball, location: 2F
1-2: Strikes out swinging
Batting: LHB Raúl Valentín 0-0: Ball
1-0: Fly out, F5 (Popup, 5F)
Top of the 3rd over - 0 run(s), 1 hit(s), 0 error(s), 1 left on base; Alaskan 1 - Thomasville 0
BOTTOM OF THE 3RD
Thomasville Lookouts batting - Pitching for Alaskan Humpbacks : RHP Matt Harris
Batting: LHB Marcos Zúñiga 0-0: Called Strike
0-1: Foul Ball, location: 2F
0-2: Foul Ball, location: 2F
0-2: Fly out, F7 (Flyball, 7LD)
Batting: RHB Andrés Rodríguez 0-0: SINGLE (Line Drive, 56D)
Batting: SHB Adrián Pueblo 0-0: Foul Ball, location: 2F
0-1: Ball
1-1: Ball
2-1: Ball
3-1: Called Strike
3-2: Foul Ball, location: 2F
3-2: Strikes out swinging
Batting: LHB Chris West 0-0: Called Strike
0-1: Foul Ball, location: 2F
0-2: Strikes out swinging
Bottom of the 3rd over - 0 run(s), 1 hit(s), 0 error(s), 1 left on base; Alaskan 1 - Thomasville 0
TOP OF THE 4TH
Alaskan Humpbacks batting - Pitching for Thomasville Lookouts : RHP George Frazier
Batting: RHB Troy Gine 0-0: Foul Ball, location: 2F
0-1: Called Strike
0-2: Ball
1-2: Foul Ball, location: 2F
1-2: Strikes out looking
Batting: LHB James Sorensen 0-0: Ball
1-0: Ball
2-0: Foul Ball, location: 2F
2-1: Foul Ball, location: 2F
2-2: Strikes out swinging
Batting: RHB Tim Norris 0-0: Ball
1-0: Called Strike
1-1: Ball
2-1: Ball
3-1: Fly out, F7 (Flyball, 78D)
Top of the 4th over - 0 run(s), 0 hit(s), 0 error(s), 0 left on base; Alaskan 1 - Thomasville 0
BOTTOM OF THE 4TH
Thomasville Lookouts batting - Pitching for Alaskan Humpbacks : RHP Matt Harris
Batting: RHB Keith Best 0-0: Ball
1-0: Ball
2-0: Called Strike
2-1: Bunt for hit - play at first, batter OUT! 2-3
Batting: RHB Chi-ju Zhang 0-0: Ball
1-0: SINGLE (Groundball, 6M)
Batting: SHB Jared Jefferson 0-0: TRIPLE (Groundball, 3L)
Chi-ju Zhang scores
Batting: SHB Dave Orchard 0-0: Ball
1-0: Ball
2-0: Ball
3-0: Base on Balls
Batting: SHB Gustavo Fuentes 0-0: Foul Ball, location: 2F
0-1: Foul Ball, location: 2F
0-2: Ball
1-2: Fly out, F7 (Popup, 78S)
Batting: LHB Marcos Zúñiga 0-0: SINGLE (Flyball, 8LS)
Jared Jefferson scores
Dave Orchard to second
Runner from 2nd tries for 3rd, SAFE, throw made to third
Batting: RHB Andrés Rodríguez 0-0: Foul Ball, location: 2F
0-1: Ball
1-1: Ball
2-1: Ball
3-1: SINGLE (Line Drive, 78S)
Dave Orchard scores
Marcos Zúñiga to second
Batting: SHB Adrián Pueblo 0-0: Foul Ball, location: 2F
0-1: Ball
1-1: Foul Ball, location: 2F
1-2: Foul Ball, location: 2F
1-2: Ball
2-2: SINGLE (Line Drive, 89S)
Marcos Zúñiga to third
Andrés Rodríguez to second
Runner from 3rd tries for Home, SAFE, no throw or cutoff
Batting: LHB Chris West 0-0: Fielders Choice at 2nd, U6 (Groundball, 6M)
Bottom of the 4th over - 4 run(s), 5 hit(s), 0 error(s), 2 left on base; Alaskan 1 - Thomasville 4
TOP OF THE 5TH
Alaskan Humpbacks batting - Pitching for Thomasville Lookouts : RHP George Frazier
Batting: RHB Steve Camp 0-0: Ball
1-0: Ball
2-0: Swinging Strike
2-1: Called Strike
2-2: Ground out 6-3 (Groundball, 6MS)
Batting: RHB Aurelio Annunziato 0-0: Foul Ball, location: 2F
0-1: Swinging Strike
0-2: Foul Ball, location: 2F
0-2: Ball
1-2: Ground out U3 (Groundball, 3)
Batting: RHB Javier Díaz 0-0: Swinging Strike
0-1: SINGLE (Line Drive, 4D)
Batting: RHB Michael Collins 0-0: Ball
Javier Díaz steals 2nd base
1-0: Foul Ball, location: 2F
1-1: Ball
2-1: Swinging Strike
2-2: Foul Ball, location: 2F
2-2: Ball
3-2: Strikes out looking
Top of the 5th over - 0 run(s), 1 hit(s), 0 error(s), 1 left on base; Alaskan 1 - Thomasville 4
BOTTOM OF THE 5TH
Thomasville Lookouts batting - Pitching for Alaskan Humpbacks : RHP Matt Harris
Batting: RHB Keith Best 0-0: Called Strike
0-1: Ball
1-1: Called Strike
1-2: Ball
2-2: Foul Ball, location: 2F
2-2: Fly out, F9 (Flyball, 89M)
Batting: RHB Chi-ju Zhang 0-0: Called Strike
0-1: Swinging Strike
0-2: Strikes out swinging
Batting: SHB Jared Jefferson 0-0: SINGLE (Flyball, 8RS)
Batting: SHB Dave Orchard 0-0: Called Strike
0-1: SINGLE (Line Drive, 5D)
Jared Jefferson to second
Batting: SHB Gustavo Fuentes 0-0: Ball
1-0: Called Strike
1-1: Foul Ball, location: 2F
1-2: Foul Ball, location: 2F
1-2: Foul Ball, location: 2F
1-2: Ball
2-2: Fly out, F7 (Flyball, 78M)
Bottom of the 5th over - 0 run(s), 2 hit(s), 0 error(s), 2 left on base; Alaskan 1 - Thomasville 4
TOP OF THE 6TH
Alaskan Humpbacks batting - Pitching for Thomasville Lookouts : RHP George Frazier
Batting: RHB Fernando Camacho 0-0: Foul Ball, location: 2F
0-1: Ground out 6-3 (Groundball, 6)
Batting: LHB Raúl Valentín 0-0: Foul Ball, location: 2F
0-1: Ball
1-1: Ball
2-1: Swinging Strike
2-2: Strikes out swinging
Batting: RHB Troy Gine 0-0: Ball
1-0: Ball
2-0: Called Strike
2-1: Fly out, F6 (Popup, 5L)
Top of the 6th over - 0 run(s), 0 hit(s), 0 error(s), 0 left on base; Alaskan 1 - Thomasville 4
BOTTOM OF THE 6TH
Thomasville Lookouts batting - Pitching for Alaskan Humpbacks : RHP Matt Harris
Batting: LHB Marcos Zúñiga 0-0: Called Strike
0-1: SINGLE (Groundball, 56D)
Batting: RHB Andrés Rodríguez 0-0: Reached on error, E3 (Groundball, 3S)
Marcos Zúñiga to third
Batting: SHB Adrián Pueblo 0-0: SINGLE (Flyball, 7S)
Marcos Zúñiga scores
Andrés Rodríguez to third
Runner from 3rd tries for Home, SAFE, no throw or cutoff
Pitching: RHP Jorge Fernández
Batting: LHB Chris West 0-0: Called Strike
0-1: Swinging Strike
0-2: Fly out, F6 (Popup, 6MD)
Batting: RHB Keith Best 0-0: Ball
1-0: Swinging Strike
1-1: Called Strike
1-2: Strikes out swinging
Batting: RHB Chi-ju Zhang 0-0: Ball
1-0: Ball
2-0: SINGLE (Flyball, 6MD)
Adrián Pueblo to second
Batting: SHB Jared Jefferson 0-0: Ball
1-0: Foul Ball, location: 2F
1-1: Ball
2-1: Ground out U3 (Groundball, 3)
Bottom of the 6th over - 2 run(s), 3 hit(s), 1 error(s), 2 left on base; Alaskan 1 - Thomasville 6
TOP OF THE 7TH
Alaskan Humpbacks batting - Pitching for Thomasville Lookouts : RHP George Frazier
Now at 2B: Artie Hemming
Now at 3B: Brent Burgess
Batting: LHB James Sorensen 0-0: Called Strike
0-1: Foul Ball, location: 2F
0-2: SINGLE (Groundball, 34D) (infield hit)
Pitching: LHP Howard Ventura
Batting: RHB Tim Norris 0-0: Ball
1-0: SINGLE (Line Drive, 9S)
James Sorensen to second
Runner from 2nd tries for 3rd, SAFE, throw made to third
Batting: RHB Steve Camp 0-0: Foul Ball, location: 2F
0-1: SINGLE (Line Drive, 78S)
James Sorensen scores
Tim Norris to second
Batting: RHB Aurelio Annunziato 0-0: Ball
1-0: Called Strike
1-1: Fly out, F7 (Flyball, 78M)
Batting: RHB Javier Díaz 0-0: Ball
1-0: Called Strike
1-1: Fly out, F9 (Popup, 89S)
Batting: RHB Michael Collins 0-0: Ball
1-0: Called Strike
1-1: Fly out, F8 (Flyball, 8RD)
Top of the 7th over - 1 run(s), 3 hit(s), 0 error(s), 2 left on base; Alaskan 2 - Thomasville 6
BOTTOM OF THE 7TH
Thomasville Lookouts batting - Pitching for Alaskan Humpbacks : RHP Jorge Fernández
Batting: SHB Dave Orchard 0-0: Ball
1-0: Fly out, F4 (Line Drive, 34D)
Batting: SHB Gustavo Fuentes 0-0: Fly out, F8 (Flyball, 8LM)
Batting: LHB Marcos Zúñiga 0-0: Ball
1-0: SINGLE (Line Drive, 78M)
Batting: SHB Artie Hemming 0-0: Called Strike
Marcos Zúñiga is caught stealing 2nd base
Bottom of the 7th over - 0 run(s), 1 hit(s), 0 error(s), 0 left on base; Alaskan 2 - Thomasville 6
TOP OF THE 8TH
Alaskan Humpbacks batting - Pitching for Thomasville Lookouts : LHP Howard Ventura
Batting: RHB Fernando Camacho 0-0: Ball
1-0: Called Strike
1-1: Ground out 5-3 (Groundball, 5S)
Batting: LHB Raúl Valentín 0-0: Called Strike
0-1: Called Strike
0-2: Strikes out swinging
Batting: RHB Troy Gine 0-0: Foul Ball, location: 2F
0-1: SOLO HOME RUN (Flyball, 7D), Distance : 392 ft
Batting: LHB James Sorensen 0-0: Ball
1-0: Reached on error, E2 (Groundball, 2L)
Pitching: RHP Iván Ledesma Jr.
Batting: RHB Tim Norris 0-0: Called Strike
0-1: Foul Ball, location: 2F
0-2: Ball
1-2: Strikes out swinging
Top of the 8th over - 1 run(s), 1 hit(s), 1 error(s), 1 left on base; Alaskan 3 - Thomasville 6
BOTTOM OF THE 8TH
Thomasville Lookouts batting - Pitching for Alaskan Humpbacks : RHP Jorge Fernández
Pitching: RHP Sugimoto Morita
Batting: SHB Artie Hemming 0-0: Ball
1-0: Called Strike
1-1: Fly out, F6 (Popup, 6)
Batting: SHB Adrián Pueblo 0-0: Ball
1-0: Ground out 5-3 (Groundball, 56)
Batting: RHB Brent Burgess 0-0: Ground out 1-3 (Groundball, 13S)
Bottom of the 8th over - 0 run(s), 0 hit(s), 0 error(s), 0 left on base; Alaskan 3 - Thomasville 6
TOP OF THE 9TH
Alaskan Humpbacks batting - Pitching for Thomasville Lookouts : RHP Iván Ledesma Jr.
Pitching: RHP Jaime García
Batting: RHB Steve Camp 0-0: Ball
1-0: Foul Ball, location: 2F
1-1: Foul Ball, location: 2F
1-2: Foul Ball, location: 2F
1-2: Foul Ball, location: 2F
1-2: Ball
2-2: Ball
3-2: Foul Ball, location: 2F
3-2: Foul Ball, location: 2F
3-2: Foul Ball, location: 2F
3-2: SINGLE (Line Drive, 6)
Batting: RHB Aurelio Annunziato 0-0: Ball
1-0: Called Strike
1-1: Called Strike
1-2: Foul Ball, location: 2F
1-2: Ball
2-2: Strikes out swinging
Batting: RHB Javier Díaz 0-0: Called Strike
0-1: Ball
1-1: Foul Ball, location: 2F
1-2: Fly out, F4 (Popup, 4)
Batting: RHB Michael Collins 0-0: Fly out, F9 (Flyball, 89M)
Top of the 9th over - 0 run(s), 1 hit(s), 0 error(s), 1 left on base; Alaskan 3 - Thomasville 6
This league is powered by Out of the Park Baseball, the baseball management simulation game for PC, Mac and Linux
Monday, May 4th, 2015 - OOTP Baseball 15.6 Build 34